 Dungeon Crawl Stone Soup version 0.23.2-1-ga50397a6bc (webtiles) character file.

Game seed: 15270384933666945659

60 Mrkan the Shooter (level 3, 0/30 HPs)
             Began as a Centaur Hunter on May 18, 2019.
             Slain by a worm (10 damage)
             ... on level 2 of the Dungeon.
             The game lasted 00:03:06 (1068 turns).

Mrkan the Shooter (Centaur Hunter)                  Turns: 1068, Time: 00:03:07

Health: 0/30       AC:  4    Str: 14    XL:     3   Next: 80%
Magic:  3/3        EV:  9    Int: 10    God:
Gold:   87         SH:  0    Dex: 10    Spells: 2/2 levels left

rFire    . . .     SeeInvis .   a - +1 shortbow
rCold    . . .     Gourm    .   (shield currently unavailable)
rNeg     . . .     Faith    .   c - +0 leather armour
rPois    .         Spirit   .   (no helmet)
rElec    .         Reflect  .   (no cloak)
rCorr    .         Harm     .   (no gloves)
MR       .....                  (no barding)
Stlth    +.........             (no amulet)
HPRegen  0.10/turn              (no ring)
MPRegen  0.08/turn              (no ring)

@: very quick
A: large, hooves 3, deformed body, speed 2, tough skin 3
a: no special abilities


You were on level 2 of the Dungeon.
You were not hungry.

You visited 1 branch of the dungeon, and saw 2 of its levels.

You collected 87 gold pieces.

Inventory:

Hand Weapons
 a - a +1 shortbow (weapon)
 b - a +0 short sword
Armour
 c - a +0 leather armour (worn)
Jewellery
 i - a +4 ring of protection {unknown}
Scrolls
 e - a scroll of identify {unknown}
 g - a scroll of teleportation {unknown}
 j - 3 scrolls of remove curse {unknown}
 k - a scroll of noise {unknown}
 m - a scroll of fear {unknown}
 n - a scroll of magic mapping {unknown}
 o - a scroll of immolation {unknown}
Potions
 h - a potion of heal wounds {unknown}
 l - a potion of curing {unknown}
Comestibles
 f - 5 rations


   Skills:
 + Level 2.8 Fighting
 * Level 6.7 Bows
 - Level 1.3 Dodging
 - Level 0.4 Stealth


You had 2 spell levels left.
You didn't know any spells.
Your spell library was empty.

Dungeon Overview and Level Annotations

Branches:
Dungeon (2/15)

Altars:
Fedhas

Annotations:
D:2 1 runed translucent door, Crazy Yiuf


Innate Abilities, Weirdness & Mutations

You have hooves in place of feet.
Armour fits poorly on your strangely shaped body.
You cover ground very quickly.
You have extremely tough skin. (AC +3)


Message History

You barely miss the worm. Your kick misses the worm. The worm bites you.
You clumsily bash the worm but do no damage.
The worm bites you.
You clumsily bash the worm but do no damage.
You kick the worm.
The worm is lightly wounded.
You clumsily bash the worm but do no damage.
You kick the worm.
The worm is moderately wounded.
The worm barely misses you.
You barely miss the worm. You kick the worm.
The worm is heavily wounded.
The worm closely misses you.
You clumsily bash the worm but do no damage.
The worm is heavily wounded.
The worm bites you.
You clumsily bash the worm but do no damage.
The worm is heavily wounded.
The worm bites you!
You die...

..###........############
.........................
..######..#######.#######
##)######.........
#................
###########..#####........)
.............# #.........
###....####.# #.........
#....gw@..# ##.####...
#....####.## #.# #.[.
.......(# #..# #.####...
....Kg..# #..# #........
...g.wl.# #..## #.#######
..(.....# #...####.####...
.(..((.(####...............
........##........#.####...
#........#.# #...


You could see a worm and a hobgoblin.

Vanquished Creatures
  A worm (D:2)
  4 dart slugs
  2 leopard geckos (D:1)
  A ball python (D:1)
  3 giant cockroaches (D:1)
  5 goblins
  3 hobgoblins
  6 jackals
  4 bats
  6 frilled lizards
  6 kobolds
  5 rats
46 creatures vanquished.

Notes
Turn   | Place    | Note
-------+----------+-------------------------------------------
     0 | D:1      | Mrkan the Centaur Hunter began the quest for the Orb.
     0 | D:1      | Reached XP level 1. HP: 17/17 MP: 1/1
   120 | D:1      | Reached XP level 2. HP: 23/24 MP: 2/2
   220 | D:1      | Reached skill level 6 in Bows
   467 | D:1      | Reached XP level 3. HP: 24/30 MP: 3/3
   658 | D:2      | Found a blossoming altar of Fedhas.
   732 | D:2      | Found a runed translucent door.
   733 | D:2      | Noticed Crazy Yiuf
  1068 | D:2      | Slain by a worm

Skill      XL: |  1  2 |
---------------+-------+-----
Bows           | 6 |  6.7
Fighting       | |  2.8
Dodging        | |  1.3
Stealth        | |  0.4

Action                   || total
-------------------------++-------
Melee: Shortbow          ||    72
       Kick              ||    22
 Fire: Shortbow          ||   104
Armor: Leather armour    ||    51
Dodge: Dodged            ||    61
